 Dungeon Crawl Stone Soup version 0.16-a0-922-gae79c9c (webtiles) character file.

114 JacquesDerrida the Insei (level 4, -4/32 HPs)
             Began as a Demonspawn Transmuter on Sept 30, 2014.
             Slain by Grinder (6 damage)
             ... on Level 3 of the Dungeon.
             The game lasted 00:05:59 (1251 turns).

JacquesDerrida the Insei (Demonspawn Transmuter)    Turns: 1251, Time: 00:05:59

HP  -4/32        AC  7     Str 11      XL: 4   Next: 67%
MP   6/7         EV 11     Int 14      God:
Gold 32          SH  0     Dex 14      Spells:  1 memorised,  6 levels left

rFire  . . .     SeeInvis .       - Unarmed
rCold  . . .     Clarity  .     e - +0 leather armour
rNeg   . . .     rCorr    .     (no shield)
rPois  .         rRot     .     f - +1 helmet
rElec  .         Spirit   .     (no cloak)
SustAb .         Warding  .     (no gloves)
rMut   .         Stasis   .     (boots unavailable)
Gourm  .                        (no amulet)
MR     .....                    (no ring)
                                (no ring)

@: appendage (expiring), very slightly contaminated, not resistant to hostile
enchantments, very unstealthy
A: talons 3, slimy green scales 1, spiny 2
a: End Transformation


You were on level 3 of the Dungeon.
You were not hungry.
You had grown temporary talons.
You visited 1 branch of the dungeon, and saw 3 of its levels.

You collected 32 gold pieces.

Inventory:

Missiles
 b - 12 arrows
 k - 7 javelins (quivered)
Armour
 c - a +0 robe
 e - a +0 leather armour (worn)
 f - a +1 helmet (worn)
Magical devices
 r - a wand of paralysis (0)
Comestibles
 a - 3 bread rations
 g - a meat ration
 s - a chunk of goblin flesh
Scrolls
 h - a scroll of magic mapping {unknown}
 i - a scroll of random uselessness {unknown}
 j - a scroll of fear {unknown}
 m - a scroll of identify {unknown}
 n - a scroll of amnesia {unknown}
 o - a scroll of blinking {unknown}
 q - a scroll of noise {unknown}
Jewellery
 l - an uncursed amulet of stasis
Books
 d - a book of Changes

   Spells                             Type                      Level
   *Beastly Appendage                 Transmutation                1
   Sticks to Snakes                   Transmutation                2
   Spider Form                        Transmutation/Poison         3
   Ice Form                           Ice/Transmutation            4
   Blade Hands                        Transmutation                5


   Skills:
 - Level 1.0 Fighting
 - Level 1.7 Dodging
 + Level 5.0 Unarmed Combat
 - Level 2.0 Spellcasting
 - Level 1.7 Transmutations


You had 6 spell levels left.
You knew the following spells:

 Your Spells              Type           Power        Failure   Level  Hunger
a - Beastly Appendage     Trmt           #.....       14%         1    ##.....


Dungeon Overview and Level Annotations

Branches:
Dungeon (3/15)

Altars:
Ashenzari
Gozag
Trog
Zin

Annotations:
D:3 Grinder, Sigmund


Innate Abilities, Weirdness & Mutations

You are partially covered in slimy green scales (AC +2).
You are mostly covered in sharp spines.
You have claws for feet.


Message History

You barely miss Grinder.
Grinder is moderately wounded.
The bat is struck by your spines.
You kill the bat!
Grinder gestures.
Grinder blinks!
Grinder hits you but does no damage.
Your leather armour prevents you from hitting Grinder.
Grinder is moderately wounded.
Grinder says, "DUCK!"
Grinder barely misses you.
You hit Grinder.
Grinder is moderately wounded.
Grinder hits you but does no damage.
You closely miss Grinder.
Grinder is moderately wounded.
Grinder is struck by your spines. Grinder hits you.
* * * LOW HITPOINT WARNING * * *
You writhe in agony.
You die...

. .. . . .##.#
..#.# #.#.# #
#.#.# .. #5#.# ..
#@#.# .. #.#.#
... #%..# ...
##..# ...
#..##############
..
#.>...%..........
..
#################
##
...............
..........).###


You could see Grinder.

Vanquished Creatures
  Ijyb (D:3)
  3 adders (D:2)
  A giant mite (D:3)
  3 worms (D:2)
  4 giant geckos
  9 goblins
  8 hobgoblins
  6 bats
  A giant newt (D:1)
  5 kobolds
  7 rats
48 creatures vanquished.

Notes
Turn   | Place    | Note
--------------------------------------------------------------
     0 | D:1      | JacquesDerrida, the Demonspawn Transmuter, began the quest for the Orb.
     0 | D:1      | Reached XP level 1. HP: 15/15 MP: 3/3
    54 | D:1      | Reached skill level 3 in Unarmed Combat
   203 | D:1      | Gained mutation: You are partially covered in slimy green scales (AC +2). [demonic ancestry]
   203 | D:1      | Reached XP level 2. HP: 12/21 MP: 2/4
   532 | D:2      | Gained mutation: You are partially covered in sharp spines. [demonic ancestry]
   532 | D:2      | Reached XP level 3. HP: 18/26 MP: 3/6
   593 | D:2      | Reached skill level 4 in Unarmed Combat
   678 | D:2      | Found a bloodstained altar of Trog.
   699 | D:2      | Found a glowing silver altar of Zin.
   712 | D:2      | Found a shattered altar of Ashenzari.
   717 | D:2      | Found an opulent altar of Gozag.
   730 | D:2      | Gained mutation: You are mostly covered in sharp spines. [demonic ancestry]
   730 | D:2      | Reached XP level 4. HP: 13/32 MP: 5/7
   955 | D:3      | Noticed Sigmund
  1150 | D:3      | Noticed Ijyb
  1153 | D:3      | Paralysed by Ijyb for 2 turns
  1173 | D:3      | Killed Ijyb
  1173 | D:3      | Reached skill level 5 in Unarmed Combat
  1219 | D:3      | Noticed Grinder
  1233 | D:3      | Paralysed by Grinder for 2 turns
  1251 | D:3      | Slain by Grinder

Action                   |  1- 3 |  4- 6 || total
-------------------------+-------+-------++-------
Melee: Unarmed           |   138 |    77 ||   215
 Cast: Beastly Appendage |    16 |     7 ||    23
  Use: Potion            |       |     1 ||     1
  Eat: Chunk             |       |     2 ||     2
